Map: Invader LE

Players

BUSDRIVER - Winner!

  • Race: Protoss Protoss
  • League: Diamond

Jon

  • Race: Zerg Zerg
  • League: Diamond

VOD

Have the link to the VOD?

Description

Late game stasis stalling

Time

  • Played on: April 2, 2016, 3:25 p.m.
  • Length: 18:55
Show
View Real Time Build Order
Export as new Build Order

BUSDRIVER Protoss - Winner!

Build Orders: Oracle Opening 

Get SALT Encoding   

  12  0:01  Probe (Chrono Boost)  
  13  0:12  Probe (Chrono Boost)  
  14  0:22  Probe (Chrono Boost)  
  14  0:27  Pylon  
  15  0:46  Probe (Chrono Boost)  
  16  0:51  Gateway  
  16  0:53  Assimilator  
  16  0:56  Probe (Chrono Boost)  
  17  0:58  Assimilator  
  17  1:07  Probe (Chrono Boost)  
  18  1:17  Probe (Chrono Boost)  
  19  1:28  Probe (Chrono Boost)  
  20  1:38  Probe (Chrono Boost)  
  21  1:49  Nexus, Probe (Chrono Boost)  
  22  1:59  Cybernetics Core  
  22  2:07  Pylon  
  22  2:09  Probe (Chrono Boost)  
  23  2:25  Probe (Chrono Boost)  
  24  2:32  Pylon  
  24  2:35  Probe (Chrono Boost), Stalker  
  27  2:41  Assimilator  
  27  2:47  Mothership Core (Chrono Boost)  
  29  3:01  Stargate  
  29  3:06  Probe (Chrono Boost)  
  29  3:08  Stargate  
  30  3:15  Probe (Chrono Boost)  
  30  3:16  Probe (Chrono Boost)  
  32  3:25  Probe (Chrono Boost)  
  34  3:27  Probe (Chrono Boost)  
  34  3:29  Stargate  
  34  3:41  Probe (Chrono Boost)  
  34  3:42  Probe (Chrono Boost)  
  36  3:51  Oracle  
  36  3:52  Probe (Chrono Boost)  
  40  3:55  Oracle  
  40  3:59  Assimilator  
  40  4:00  Probe (Chrono Boost)  
  44  4:03  Probe (Chrono Boost)  
  45  4:11  Probe (Chrono Boost)  
  45  4:15  Pylon  
  46  4:21  Forge  
  46  4:23  Oracle  
  49  4:33  Pylon  
  49  4:36  Probe x2 (Chrono Boost)  
  51  4:39  Oracle  
  54  4:47  Probe (Chrono Boost), Pylon  
  54  4:51  Oracle  
  58  5:01  Oracle  
  61  5:10  Photon Cannon  
  61  5:16  Photon Cannon  
  61  5:19  Photon Cannon  
  61  5:20  Probe (Chrono Boost)  
  62  5:22  Probe (Chrono Boost)  
  62  5:28  Pylon  
  63  5:37  Void Ray  
  67  5:49  Photon Cannon  
  67  5:55  Pylon  
  67  6:00  Photon Cannon  
  67  6:01  Void Ray  
  68  6:24  Photon Cannon  
  68  6:25  Photon Cannon  
  68  6:29  Void Ray  
  68  6:30  Photon Cannon  
  72  6:51  Probe (Chrono Boost)  
  72  6:53  Void Ray x2 (Chrono Boost)  
  81  6:58  Pylon  
  82  7:01  Probe (Chrono Boost)  
  82  7:07  Pylon  
  82  7:09  Pylon  
  82  7:13  Pylon  
  86  7:25  Void Ray (Chrono Boost)  
  86  7:39  Nexus  
  86  7:41  Photon Cannon  
  86  7:52  Void Ray (Chrono Boost)  
  86  7:54  Assimilator  
  86  7:57  Photon Cannon  
  77  9:09  Void Ray x2 (Chrono Boost)  
  83  9:15  Void Ray (Chrono Boost)  
  83  9:17  Probe  
  83  9:22  Assimilator  
  83  9:23  Photon Cannon  
  84  9:26  Pylon  
  84  9:27  Probe  
  84  9:30  Pylon x2  
  85  9:34  Robotics Facility  
  85  9:35  Mothership Core  
  85  9:36  Robotics Facility  
  85  9:38  Probe  
  87  9:39  Pylon  
  88  9:49  Probe  
  93  9:57  Void Ray (Chrono Boost)  
  93  9:59  Probe  
  93  10:00  Pylon  
  93  10:01  Photon Cannon  
  94  10:07  Photon Cannon, Void Ray (Chrono Boost)  
  94  10:08  Void Ray (Chrono Boost)  
  102  10:38  Photon Cannon  
  102  10:40  Photon Cannon  
  102  10:43  Photon Cannon  
  102  10:56  Void Ray (Chrono Boost)  
  114  10:59  Void Ray (Chrono Boost)  
  114  11:02  Void Ray (Chrono Boost)  
  106  11:10  Forge  
  90  11:45  Nexus  
  88  11:47  Photon Cannon  
  88  11:49  Photon Cannon  
  88  11:51  Photon Cannon  
  88  11:52  Photon Cannon  
  80  12:40  Pylon  
  80  12:41  Photon Cannon  
  80  12:44  Photon Cannon  
  76  12:45  Photon Cannon  
  76  13:05  Probe  
  76  13:07  Pylon  
  76  13:09  Pylon  
  77  13:16  Probe  
  78  13:26  Probe  
  86  13:27  Photon Cannon  
  86  13:32  Void Ray x2 (Chrono Boost)  
  86  13:33  Void Ray (Chrono Boost)  
  91  13:37  Probe  
  92  13:45  Photon Cannon  
  92  13:47  Probe  
  92  13:49  Assimilator  
  92  13:55  Assimilator  
  93  13:58  Probe  
  93  14:00  Gateway  
  94  14:02  Pylon  
  94  14:12  Pylon  
  94  14:19  Probe  
  99  14:24  Photon Cannon  
  99  14:27  Void Ray (Chrono Boost)  
  99  14:28  Photon Cannon  
  98  14:37  Photon Cannon  
  98  14:53  Pylon  
  98  14:57  Pylon  
  98  14:59  Pylon  
  98  15:08  Cybernetics Core  
  98  15:13  Gateway  
  98  15:16  Gateway  
  98  15:18  Gateway  
  98  15:25  Probe, Photon Cannon, Pylon  
  99  15:31  Photon Cannon  
  99  15:36  Probe  
  100  15:47  Probe  
  83  16:56  Mothership Core  
  81  17:06  Stalker  
  81  17:07  Stalker x2  
  87  17:11  Robotics Facility  
  87  17:13  Photon Cannon, Robotics Facility  
  87  17:15  Photon Cannon  
  87  17:17  Photon Cannon  
  87  17:36  Stalker  
  87  17:47  Stalker x2  
  87  18:06  Stalker  
Show
View Real Time Build Order
Export as new Build Order

Jon Zerg 

Build Orders: Hatch First 

Get SALT Encoding   

  12  0:01  Drone  
  13  0:12  Overlord  
  13  0:18  Drone  
  14  0:31  Drone x2  
  16  0:36  Drone  
  17  0:45  Drone  
  18  0:58  Hatchery  
  18  1:00  Drone  
  18  1:08  Drone  
  19  1:17  Spawning Pool  
  18  1:20  Drone  
  19  1:28  Overlord  
  19  1:39  Drone  
  20  1:51  Drone  
  21  2:02  Drone  
  21  2:04  Queen  
  24  2:11  Queen  
  26  2:16  Drone  
  26  2:19  Drone  
  28  2:23  Hatchery  
  28  2:25  Drone x2  
  29  2:32  Drone  
  29  2:33  Drone  
  31  2:46  Overlord, Queen  
  31  2:50  Overlord  
  33  2:57  Drone  
  33  2:58  Drone  
  35  3:08  Extractor  
  35  3:10  Extractor, Zergling x4  
  35  3:20  Drone x6  
  35  3:21  Drone  
  42  3:30  Drone x2  
  44  3:44  Drone x3  
  44  3:45  Drone  
  48  3:51  Drone x4  
  48  3:54  Spore Crawler  
  51  3:57  Spore Crawler  
  50  4:10  Drone x5  
  50  4:13  Spore Crawler  
  54  4:17  Overlord  
  54  4:18  Overlord, Extractor  
  54  4:19  Extractor  
  54  4:22  Drone  
  53  4:25  Drone  
  53  4:26  Drone x3  
  58  4:31  Drone  
  58  4:33  Overlord  
  58  4:36  Drone x3  
  61  4:41  Lair  
  61  4:48  Drone x4  
  61  4:49  Drone x3  
  68  4:53  Metabolic Boost  
  68  4:55  Zergling x4  
  68  4:56  Zergling x4  
  72  5:07  Extractor  
  72  5:09  Extractor  
  72  5:11  Zergling x2, Spore Crawler  
  72  5:12  Zergling x12  
  76  5:28  Drone x6  
  82  5:47  Overlord x3, Evolution Chamber  
  82  5:48  Overlord x2  
  81  6:01  Drone x2, Hydralisk Den  
  82  6:07  Drone x4  
  82  6:08  Drone  
  83  6:16  Drone  
  83  6:17  Drone x5, Spore Crawler  
  70  6:48  Drone x7  
  70  6:49  Drone  
  70  6:50  Drone x3  
  70  6:53  Spore Crawler, Zerg Ground Armor Level 1  
  80  6:57  Drone  
  80  6:58  Drone x3  
  80  6:59  Evolution Chamber  
  83  7:08  Overlord  
  83  7:09  Overlord  
  83  7:11  Muscular Augments  
  83  7:14  Hydralisk  
  85  7:18  Overlord, Hatchery  
  84  7:23  Hatchery  
  84  7:25  Hydralisk  
  85  7:31  Hydralisk x4  
  85  7:36  Hatchery  
  92  7:44  Hydralisk  
  92  7:45  Hydralisk x4  
  92  7:50  Zerg Missile Weapons Level 1  
  102  8:06  Extractor x2  
  102  8:07  Hydralisk  
  102  8:08  Hydralisk x3  
  108  8:25  Hydralisk  
  108  8:26  Hydralisk x3  
  102  8:32  Hydralisk x2  
  94  8:38  Hydralisk  
  94  8:40  Hydralisk  
  96  8:45  Queen  
  96  8:47  Hydralisk x2  
  94  8:52  Hydralisk x2  
  90  9:07  Hydralisk x2  
  90  9:08  Hydralisk x2  
  98  9:18  Hydralisk x5  
  98  9:23  Drone x2  
  110  9:27  Queen  
  112  9:32  Spore Crawler  
  112  9:33  Drone x2, Spore Crawler  
  112  9:34  Drone  
  113  9:49  Hydralisk, Hatchery  
  113  9:50  Hydralisk x6  
  126  9:59  Hydralisk x2  
  126  10:00  Hydralisk x2  
  126  10:03  Hydralisk x2  
  126  10:06  Hydralisk  
  140  10:18  Hydralisk x3  
  138  10:21  Spore Crawler  
  138  10:25  Spore Crawler x2  
  138  10:27  Hydralisk  
  137  10:34  Spore Crawler  
  137  10:35  Hydralisk  
  137  10:42  Overlord  
  137  10:43  Overlord x2  
  137  10:45  Drone  
  130  10:59  Hydralisk x2  
  130  11:00  Hydralisk  
  130  11:03  Hydralisk  
  136  11:05  Hydralisk  
  138  11:13  Hydralisk  
  138  11:14  Hydralisk  
  138  11:17  Drone  
  133  11:34  Hatchery  
  132  11:43  Hydralisk x2  
  132  12:00  Hydralisk  
  132  12:01  Hydralisk x2  
  124  14:01  Spawning Pool  
  123  14:31  Hatchery  
  120  14:33  Extractor  
  120  14:34  Extractor  
  118  15:31  Lair  
  118  15:35  Spore Crawler  
  118  15:36  Spore Crawler  
  118  15:39  Spore Crawler  
  118  15:40  Spore Crawler  
  118  15:41  Spore Crawler  
  113  15:43  Spore Crawler  
  31  17:07  Spawning Pool  
Tags
 
Add a new tag
Caveats
  • Supply blocks, unpowered buildings, or Contaminate may cause inaccurate times.
  • Supply counts are checked every 10 seconds.